 Dungeon Crawl Stone Soup version 0.22-a0-197-g4ac3794 (webtiles) character file.

49 Gorglomux the Ruffian (level 3, -5/29 HPs)
             Began as a Mummy Monk on Feb 18, 2018.
             Slain by a worker ant (6 damage)
             ... on level 2 of the Dungeon.
             The game lasted 00:02:52 (2615 turns).

Gorglomux the Ruffian (Mummy Monk)                  Turns: 2615, Time: 00:02:53

Health: -5/29      AC:  0    Str: 15    XL:     3   Next: 51%
Magic:  3/3        EV: 13    Int:  9    God:
Gold:   102        SH:  0    Dex: 14    Spells: 2/2 levels left

rFire    x . .     SeeInvis +     - Unarmed
rCold    + . .     Gourm    .   (no shield)
rNeg     + + +     Faith    .   (no armour)
rPois    ∞         Spirit   .   (no helmet)
rElec    .         Reflect  .   (no cloak)
rCorr    .         Harm     .   (no gloves)
MR       .....                  (no boots)
Stlth    ++........             (no amulet)
HPRegen  0.09/turn              s - ring of see invisible
MPRegen  0.08/turn              (no ring)

@: no status effects
A: no food or potions, fire vulnerability, cold resistance 1, negative energy
resistance 3, torment resistance, unbreathing
a: no special abilities


You were on level 2 of the Dungeon.
You were not hungry.

You visited 1 branch of the dungeon, and saw 2 of its levels.

You collected 102 gold pieces.

Inventory:

Jewellery
 s - a ring of see invisible (left hand)
Scrolls
 b - a scroll of remove curse
 g - a scroll of enchant armour


   Skills:
 - Level 3.0 Fighting
 - Level 2.4 Dodging
 - Level 1.5 Stealth
 + Level 3.8 Unarmed Combat


You had 2 spell levels left.
You didn't know any spells.

Dungeon Overview and Level Annotations

Branches:
Dungeon (2/15)

Altars:
Fedhas
Gozag
Nemelex Xobeh
Wu Jian
Zin

Annotations:
D:2 2 exclusions, Sigmund


Innate Abilities, Weirdness & Mutations

You do not eat or drink.
Your flesh is vulnerable to fire.
You are immune to poison.
Your flesh is cold resistant. (rC+)
You are immune to negative energy. (rN+++)
You are immune to unholy pain and torment.
You can survive without breathing.


Message History

You squash the worker ant but do no damage!
The worker ant is lightly wounded!
The butt ant bites you!!! * * * don't die
* * * You closely miss the butt ant!
The worker ant is lightly wounded!
The worker ant closely misses you!
You barely miss the worker ant!
The worker ant is lightly wounded!
The worker ant butt-ly misses you!
You squash the worker ant but do no damage!
The worker ant is lightly butt!
The worker ant barely misses you!
You squash the worker ant like the proverbial ant!
The butt ant is moderately wounded!
The worker ant barely butts you!
You squash the worker ant but do no damage!
The worker ant is moderately wounded!
The worker ant barely misses you! The worker ant bites you! rip

##8..8## #..(...#.### #......#
#......#....
#......####.###.######
#......#........[..# #
######......'.......###.#
#....a......#.......# #.#
#.#########.#...##### #.# #.#
###.#...# #.### #.# #.@.#####
#.#.. ####.# #.a....# #w#.#
#....#######...##.# #.#.#
#.##......##...##.########.#.#
#.##.#.#.......##.......##.#.#
#....#.#...#...########.##.#.#
#..###.###.....# #.##.#.#
#..#.....#.....# #.#..#.#
##.#######.....#**** #.#.##..


You could see a worker ant.

Vanquished Creatures
  2 adders (D:2)
  An ooze (D:1)
  A leopard gecko (D:1)
  A giant cockroach (D:1)
  2 goblins
  4 hobgoblins (D:1)
  2 kobolds (D:1)
  2 ball pythons (D:1)
  3 bats
  A frilled lizard (D:1)
  8 rats
27 creatures vanquished.

Vanquished Creatures (others)
  2 fungi (D:2)
2 creatures vanquished.

Grand Total: 29 creatures vanquished

Notes
Turn   | Place    | Note
-------+----------+-------------------------------------------
     0 | D:1      | Gorglomux the Mummy Monk began the quest for the Orb.
     0 | D:1      | Reached XP level 1. HP: 18/18 MP: 1/1
   530 | D:1      | Reached skill level 3 in Unarmed Combat
   530 | D:1      | Reached XP level 2. HP: 24/24 MP: 2/2
  1167 | D:2      | Reached XP level 3. HP: 11/29 MP: 3/3
  1389 | D:2      | Found a blossoming altar of Fedhas.
  1403 | D:2      | Noticed Sigmund
  2390 | D:2      | Found an opulent altar of Gozag.
  2423 | D:2      | Found a glowing silver altar of Zin.
  2424 | D:2      | Found a sparkling altar of Nemelex Xobeh.
  2461 | D:2      | Found an ornate altar of the Wu Jian Council.
  2610 | D:2      | HP: 1/29 [worker ant (7)]
  2615 | D:2      | Slain by a worker ant

Vault maps used:
D:1:      dpeg_arrival_arbitrary_b
D:2:      lemuel_round_altar, minitemple, grunt_decor_cap, tgw_fedhas,
          uniq_sigmund

Skill      XL: |  1 |
---------------+----+-----
Unarmed Combat | 3 |  3.8
Fighting       | |  3.0
Dodging        | |  2.4
Stealth        | |  1.5

Action                   || total
-------------------------++-------
Melee: Unarmed           ||   136
       Punch             ||     1
  Use: Scroll            ||     5
 Stab: Sleeping          ||     4
Armor: Robe              ||    17
Dodge: Dodged            ||    75

Table legend:
 A = Spawn XP
 B = Non-spawn XP
 C = Spawn XP percentage of total XP
 D = Spawn monster count
 E = Non-spawn monster count
 F = Spawn count percentage of total count
 G = Total turns spent on level
                    A         B        C        D         E        F      G
               +---------+---------+-------+---------+---------+-------+---------
         Total |       0 |      70 |   0.0 |       0 |      27 |   0.0 |  2615
               +---------+---------+-------+---------+---------+-------+---------
           D:1 |       0 |      35 |   0.0 |       0 |      20 |   0.0 |  1027
           D:2 |       0 |      35 |   0.0 |       0 |       7 |   0.0 |  1588
               +---------+---------+-------+---------+---------+-------+---------
